 Dungeon Crawl Stone Soup version 0.30-a0-779-g7971cf19c3 (webtiles) character file.

Game seed: 1781820091576609248

1361 freelancePsychic the Conjurer (level 8, -8/60 HPs)
             Began as a Formicid Hedge Wizard on Feb 18, 2023.
             Was an Initiate of Vehumet.
             Killed from afar by a steam dragon (15 damage)
             ... with a ball of steam
             ... on level 6 of the Dungeon.
             The game lasted 00:17:37 (6255 turns).

freelancePsychic the Conjurer (FoHW)                Turns: 6255, Time: 00:17:38

Health: -8/60      AC:  5    Str: 14    XL:     8   Next: 96%
Magic:  4/12       EV: 11    Int: 17    God:    Vehumet [......]
Gold:   105        SH:  0    Dex: 13    Spells: 7/13 levels left

rFire   . . .      SeeInvis +    a - +2 dagger (protect)
rCold   . . .      Faith    .    (no shield)
rNeg    . . .      Spirit   .    c - +0 leather armour {rPois}
rPois   +          Reflect  .    (helmet unavailable)
rElec   .          Harm     .    g - +0 cloak
rCorr   .          Rampage  .    (no gloves)
Will    .....                    n - +0 pair of boots
Stlth   +++                      (no amulet)
HPRegen 0.30/turn                (no ring)
MPRegen 0.13/turn                (no ring)

@: mighty
A: permanent stasis, dig shafts and tunnels, antennae 3, four strong arms, sense
surroundings 1
a: Dig, Shaft Self, Renounce Religion


You were on level 6 of the Dungeon.
You worshipped Vehumet.
Vehumet was noncommittal.
You visited 2 branches of the dungeon, and saw 7 of its levels.

You collected 171 gold pieces.
You spent 66 gold pieces at shops.

Inventory:

Hand Weapons
 a - a +2 dagger of protection (weapon)
Missiles
 o - 3 poisoned darts (quivered)
 r - a throwing net
Armour
 b - a +1 robe
 c - a +0 leather armour of poison resistance (worn)
 g - a +0 cloak (worn)
 n - a +0 pair of boots (worn)
 q - the +1 robe of Emoystratz {Will+}
   (You found it on level 2 of the Dungeon)

   Will:      It increases your willpower.
Jewellery
 j - an amulet of guardian spirit
Scrolls
 i - a scroll of poison
 l - a scroll of enchant armour
 p - a scroll of enchant weapon
Potions
 f - 2 potions of attraction


   Skills:
 + Level 4.1 Fighting
 - Level 4.5 Short Blades
 - Level 1.7 Dodging
 - Level 5.2 Stealth
 - Level 3.2 Spellcasting
 * Level 5.9 Conjurations
 - Level 1.0 Summonings
 - Level 0.8 Translocations
 - Level 4.2 Poison Magic


You had 7 spell levels left.
You knew the following spells:

 Your Spells              Type           Power      Damage    Failure   Level
a - Magic Dart            Conj           92%        1d7       1%          1
b - Searing Ray           Conj           46%        2d6       2%          2
c - Mephitic Cloud        Conj/Pois/Air  14%        N/A       16%         3

Your spell library contained the following spells:

 Spells                   Type           Power      Damage    Failure   Level
 Cigotuvi's Dreadful Rot  Necr/Pois/Air  14%        N/A       19%         2
 Slow                     Hex            8%         N/A       22%         1
 Call Imp                 Summ           6%         N/A       22%         2
 Iskenderun's Battlesphe  Conj           23%        2d8       45%         5
 Fulminant Prism          Conj/Hex       6%         3d6       54%         4
 Fireball                 Conj/Fire      6%         3d5       87%         5
 Conjure Ball Lightning   Conj/Air       6%         3x3d6     100%        6
 Orb of Destruction       Conj           11%        9d6       100%        7
 Blink                    Tloc           Unusable   N/A       N/A         2

Dungeon Overview and Level Annotations

Branches:
Dungeon (6/15)             Temple (1/1) D:4

Altars:
Ashenzari
Cheibriados
Dithmenos
Elyvilon
Fedhas
Hepliaklqana
Makhleb
Nemelex Xobeh
Okawaru
Qazlal
Ru
Sif Muna
Trog
Uskayaw
Vehumet
Xom
Yredelemnul
Zin
The Shining One

Shops:
D:3 [   D:4 :

Annotations:
D:5 Grinder


Innate Abilities, Weirdness & Mutations

You cannot be hasted, slowed, berserked, paralysed or teleported.
You can dig through walls and to a lower floor.
You have a pair of large antennae on your head. (SInv)
Your four strong arms can wield two-handed weapons with a shield.
You passively map a small area around you.


Message History

Your body is wracked with pain!
The steam dragon convulses!
It was a scroll of torment.
It was a potion of might.
You feel very mighty all of a sudden. The steam dragon breathes steam at you.
The ball of steam hits you!
* * * LOW HITPOINT WARNING * * *
You feel mightier all of a sudden.
You are engulfed in a cloud of scalding steam.
Casting: Searing Ray (safe; 2% risk of failure)
Confirm with . or Enter, or press ? or * to list all spells.
Aiming: Searing Ray (safe; 2% risk of failure)
Press: ? - help, Shift-Dir - straight line, f - steam dragon
Aim: a steam dragon (steam, heavily wounded, catching its breath, 78% to hit)
The searing ray hits the steam dragon but does no damage.
The steam dragon is heavily wounded. (Press . to maintain the ray.)
You are engulfed in a cloud of scalding steam.
* * * LOW HITPOINT WARNING * * *
The steam dragon closely misses you.
The steam dragon claws you but does no damage.
There are no items here.
The searing ray hits the steam dragon.
The steam dragon is heavily wounded.
You are engulfed in a cloud of scalding steam.
* * * LOW HITPOINT WARNING * * *
The steam dragon barely misses you. x2
Casting: Searing Ray (safe; 2% risk of failure)
Confirm with . or Enter, or press ? or * to list all spells.
Restarting spell: Searing Ray (safe; 2% risk of failure)
Press: ? - help, Shift-Dir - straight line, f/p - steam dragon
Aim: a steam dragon (steam, heavily wounded, 78% to hit)
The searing ray hits the steam dragon!
The steam dragon is almost dead. (Press . to maintain the ray.)
You are engulfed in a cloud of scalding steam.
* * * LOW HITPOINT WARNING * * *
The steam dragon breathes steam at you. The ball of steam hits you!
You die...

,**,,** *,,_,,*,,,* *,*,*
,***,,* ***,*,***** *,*,* **
**,* *,,,,,* *,*,* * *,*
****,**** *,*,* *
*,***,,,,,,,* *,*,* *
*,,,+,,,,,,,* *,*,* *
*****,,,,,,,* *.#,*
*********#..######## *.#,*
+,,,,,,,,......D@ยงยง# *.#,#
*********###.#####.# #####.#.*
* *,,* #.# #........ **,* #.#
#.##.##.# #,* #.# #.#...#.#
#.####)# #.....#.# ******
#.?..#.# ###.#.#.#.#
*,,,,***#####...# #...#.#.#.#
*,*,,,,,........####.#.#.#.#.#


You could see a steam dragon (catching breath).

Vanquished Creatures
  Pikel (D:4)
  3 ogres (D:4)
  A centaur (D:6)
  2 lemures (D:3)
  A necrophage (D:3)
  A howler monkey (D:5)
  4 orc priests (D:4)
  2 hounds
  A gnoll bouda (D:5)
  4 orc wizards
  5 gnolls (D:5)
  4 adders
  2 dart slugs (D:4)
  10 orcs
  3 bats
  7 endoplasms
  2 giant cockroaches
  6 hobgoblins
  3 jackals (D:3)
  3 quokkas
  7 ball pythons
  2 frilled lizards
  5 goblins
  11 kobolds
  5 rats
95 creatures vanquished.

Vanquished Creatures (collateral kills)
  An orc (D:3)
1 creature vanquished.

Grand Total: 96 creatures vanquished

Notes
Turn   | Place    | Note
-------+----------+-------------------------------------------
     0 | D:1      | freelancePsychic the Formicid Hedge Wizard began the quest
                  | for the Orb.
     0 | D:1      | Reached XP level 1. HP: 13/13 MP: 4/4
    89 | D:1      | Reached skill level 1 in Conjurations
   366 | D:1      | Reached XP level 2. HP: 20/20 MP: 3/6
   738 | D:1      | Reached skill level 1 in Fighting
   932 | D:1      | Reached XP level 3. HP: 26/26 MP: 4/7
  1748 | D:2      | Identified the +1 robe of Emoystratz {Will+}
  2288 | D:2      | Reached XP level 4. HP: 32/32 MP: 2/8
  2467 | D:2      | Found a faded altar of an unknown god.
  2529 | D:3      | Found Xiaweipim's Armour Shoppe.
  3281 | D:3      | Found a basalt altar of Yredelemnul.
  3416 | D:4      | Noticed a necrophage
  3460 | D:4      | Noticed Pikel
  3460 | D:4      | Noticed a lemure
  3460 | D:4      | Noticed a lemure
  3460 | D:4      | Noticed a lemure
  3460 | D:4      | Noticed a lemure
  3496 | D:4      | Noticed an ogre
  3515 | D:3      | Reached XP level 5. HP: 17/38 MP: 1/9
  3598 | D:3      | Gained mutation: You are dopey. (Int -2) [potion of
                  | mutation]
  3598 | D:3      | Gained mutation: You passively map a small area around you.
                  | [potion of mutation]
  3598 | D:3      | Lost mutation: You are dopey. (Int -2) [potion of mutation]
  3806 | D:3      | Reached skill level 5 in Stealth
  3806 | D:3      | Reached XP level 6. HP: 36/46 MP: 2/10
  3896 | D:4      | Learned a level 3 spell: Mephitic Cloud
  3997 | D:4      | Killed an ogre
  3998 | D:4      | Reached skill level 1 in Poison Magic
  4113 | D:3      | Bought a +0 leather armour of poison resistance for 66 gold
                  | pieces
  4154 | D:4      | Found Tepsygaa's Book Boutique.
  4229 | D:5      | Entered Level 5 of the Dungeon
  4237 | D:5      | Noticed Grinder
  4264 | D:4      | Noticed an ogre
  4372 | D:4      | Noticed an ogre
  4376 | D:4      | Killed an ogre
  4377 | D:4      | Reached skill level 1 in Short Blades
  4377 | D:4      | Reached XP level 7. HP: 52/52 MP: 4/11
  4858 | D:4      | Killed Pikel
  4859 | D:4      | Reached XP level 8. HP: 34/58 MP: 7/12
  5058 | D:3      | Reached skill level 5 in Conjurations
  5208 | D:4      | Found a staircase to the Ecumenical Temple.
  5319 | Temple   | Entered the Ecumenical Temple
  5419 | Temple   | Became a worshipper of Vehumet
  6211 | D:6      | Identified a scroll of acquirement
  6212 | D:6      | Acquired a book of Conjurations
  6217 | D:6      | Learned a level 2 spell: Searing Ray
  6231 | D:6      | Found a shimmering altar of Xom.
  6255 | D:6      | Killed from afar by a steam dragon

Illustrated notes

Levels and vault maps discovered:
D:1:      dpeg_arrival_pits, layout_basic, minmay_misc_feat_roman
D:2:      layout_loops_corners, shapermc_ecumenical_altar_acropolis,
          serial_bayou_pond_d, grunt_decor_one_mirror
D:3:      layout_basic, yredelemnul_altar_generic, serial_shops, shop
D:4:      layout_basic, minmay_temple_entry_drinking_statues, serial_shops,
          nicolae_shop_advertising_works [nicolae_subvault_shop_adworks],
          uniq_pikel
D:5:      layout_loops_cross, grunt_tough_drop, uniq_crazy_yiuf_cottage,
          uniq_grinder
D:6:      layout_basic, nicolae_gozag_cash_rules_everything_around_me,
          mainiacjoe_overflow_chevrons, gup_sewer_entry_bubbles
Temple:   minmay_temple_bridge_d

Skill      XL: |  1  2  3  4  5  6  7  8 |
---------------+-------------------------+-----
Conjurations   | 1 2 3 4 5 |  5.9
Stealth        | 3 4 5 |  5.2
Fighting       | 1 2 3 4 |  4.1
Poison Magic   | 2 3 4 |  4.2
Short Blades   | 1 4 |  4.5
Dodging        | |  1.7
Spellcasting   | |  3.2
Summonings     | |  1.0
Translocations | |  0.8

Action                     |  1- 3 |  4- 6 |  7- 9 || total
---------------------------+-------+-------+-------++-------
  Melee: Dagger            |    54 |    84 |   159 ||   297
         Punch             |       |     2 |     1 ||     3
  Throw: Dart              |       |     3 |       ||     3
   Cast: Magic Dart        |    76 |   100 |       ||   176
         Mephitic Cloud    |       |     2 |    22 ||    24
         Searing Ray       |       |       |     3 ||     3
    Use: Scroll            |     5 |     3 |     7 ||    15
         Potion            |       |    11 |     3 ||    14
   Stab: Confused          |       |     2 |    19 ||    21
         Sleeping          |       |     1 |     3 ||     4
 Armour: Robe              |    11 |    31 |       ||    42
         Leather armour    |       |     7 |    50 ||    57
  Dodge: Dodged            |    36 |    78 |    77 ||   191

Table legend: (Time is in decaauts)
 A = Elapsed time spent in this place.
 B = Non-inter-level travel time spent in this place.
 C = Inter-level travel time spent in this place.
 D = Time resting spent in this place.
 E = Time spent auto-exploring this place.
 F = Levels seen in this place.
 G = Mean time per level.
                   A        B        C        D        E       F      G
               +--------+--------+--------+--------+--------+-----+--------+
         Total |   6242 |   5575 |    667 |    295 |   4032 |   7 |  891.7 |
       Dungeon |   6071 |   5500 |    571 |    295 |   3971 |   6 | 1011.8 |
        Temple |    170 |     74 |     96 |      0 |     61 |   1 |  170.0 |
               +--------+--------+--------+--------+--------+-----+--------+

Top non-repeatable levels by time:
     D:3: 1819 daAuts
     D:1: 1297 daAuts
     D:2: 1231 daAuts
     D:4: 1132 daAuts
     D:5: 544 daAuts
  Temple: 170 daAuts
     D:6: 46 daAuts
